AoeStats
← Nao do Conta de Trabaia

Arabia

506759733Analyzed
2v2 RM · 17d ago on Sep 15, 2026· 21m 21s· 4 players
Game mode
Random Map
Map size
Medium (4 player)
Population
200
Speed
Normal
Resources
Standard
Victory
Conquest
Starting age
Dark Age
Ending age
Imperial Age
RankedLock teamsTeams togetherTeam positionsShared explorationLock speedFull tech treeHidden civsTurbo modeCheats
Victory
Defeat
1208
+13
🇺🇸 Saracens · United States
1087
+17
🇦🇷 Franks · Argentina
1145
-16
🇦🇷 Ethiopians · Argentina
1106
-14
Pachegol
7:29 Loom
11:18 Feudal Age
11:55 Double-Bit Axe
11:51 Horse Collar
18:52 Fletching
19:36 Padded Archer Armor
Kikelot
7:39 Loom
9:55 Feudal Age
15:54 Forging
17:37 Wheelbarrow
21:44 Castle Age
gcsamjw
6:47 Loom
9:54 Feudal Age
10:35 Double-Bit Axe
19:28 Castle Age
18:26 Bloodlines
18:25 Fletching
18:36 Horse Collar
Nao do Conta de Trabaia
9:27 Feudal Age
11:02 Loom
13:19 Castle Age
13:21 Scale Mail Armor
Connection lost

Rejoining the realm…

Still unreachable

The connection could not be restored.

Session expired

The server has moved on; the page needs a fresh start.